Map: Newkirk Precinct TE (Void)

Players

Musumeci - Winner!

  • Race: Zerg Zerg
  • League: Diamond
  • Spawn Location: 5:00

Steep

  • Race: Zerg Zerg
  • League: Diamond
  • Spawn Location: 7:00

VOD

Have the link to the VOD?

Description

Time

  • Played on: March 15, 2017, 12:39 p.m.
  • Length: 6:01
Show
View Real Time Build Order
Export as new Build Order

Musumeci Zerg - Winner!

Build Orders: Pool First 

Get SALT Encoding   

  12  0:01  Drone  
  13  0:08  Drone  
  14  0:18  Overlord  
  14  0:23  Extractor  
  14  0:24  Drone  
  15  0:44  Drone  
  15  0:45  Drone x2  
  15  0:47  Extractor  
  17  0:56  Spawning Pool  
  16  1:20  Hatchery  
  15  1:43  Zergling x6  
  15  1:47  Queen  
  20  1:57  Metabolic Boost  
  20  2:05  Zergling x2  
  20  2:17  Zergling x4  
  22  2:25  Baneling Nest  
  22  2:28  Zergling x2  
  22  2:33  Zergling x2  
  23  2:39  Zergling x2  
  24  2:46  Zergling x2  
  24  2:48  Zergling x2  
  17  3:17  Zergling x8  
  21  3:27  Baneling x2  
  21  3:30  Baneling  
  21  3:45  Zergling x6  
  20  3:59  Zergling x2  
  20  4:00  Zergling x4  
  22  4:13  Baneling  
  22  4:19  Zergling x8  
  26  4:40  Zergling x2  
  26  4:41  Zergling x2  
  26  4:42  Overlord  
  27  5:03  Baneling x4  
  27  5:05  Zergling x8  
  29  5:15  Baneling  
  29  5:16  Baneling  
  28  5:28  Baneling  
Show
View Real Time Build Order
Export as new Build Order

Steep Zerg 

Build Orders: Pool Only, Zergling Baneling 

Get SALT Encoding   

  12  0:19  Spawning Pool  
  11  0:22  Drone  
  11  0:25  Extractor  
  11  0:29  Drone  
  11  0:35  Drone  
  13  0:44  Overlord  
  13  1:06  Zergling x6  
  16  1:15  Queen  
  18  1:20  Zergling x2  
  19  1:31  Metabolic Boost  
  19  1:38  Zergling x2  
  20  1:47  Baneling Nest  
  20  1:52  Zergling x2  
  20  1:57  Zergling x2  
  21  2:06  Overlord  
  18  2:16  Zergling x2  
  18  2:22  Zergling x2  
  20  2:25  Zergling x2  
  21  2:31  Baneling x3  
  21  2:33  Baneling  
  21  2:42  Zergling x2  
  23  2:44  Zergling x2  
  21  3:02  Zergling x4  
  21  3:03  Zergling x2  
  21  3:17  Zergling x6  
  23  3:28  Baneling  
  23  3:29  Baneling x2  
  23  3:31  Zergling x2  
  19  3:50  Zergling x6  
  21  4:11  Zergling x4  
  21  4:12  Zergling x4  
  24  4:27  Zergling x2  
  25  4:34  Zergling x2  
  26  4:40  Baneling x7  
  26  4:50  Zergling x6  
  25  5:05  Zergling x4  
Tags
 
Add a new tag
Caveats
  • Supply blocks, unpowered buildings, or Contaminate may cause inaccurate times.
  • Supply counts are checked every 10 seconds.